 Dungeon Crawl Stone Soup version 0.31.0-11-ge490571c62 (webtiles) character file.

Game seed: 18126016786078276310

37 dave1331 the Trooper (level 3, 0/33 HPs)
             Began as a Hill Orc Fighter on Jan 26, 2024.
             Slain by a ribbon worm (3 damage)
             ... on level 2 of the Dungeon.
             The game lasted 00:03:20 (1041 turns).

dave1331 the Trooper (Hill Orc Fighter)             Turns: 1041, Time: 00:03:21

Health: 0/33       AC:  8    Str: 19    XL:     3   Next: 39%
Magic:  3/3        EV:  9    Int: 12    God:
Gold:   74         SH:  4    Dex:  9    Spells: 2/2 levels left

rFire   . . .        h - +0 sling
rCold   . . .        c - +0 buckler
rNeg    . . .        b - +1 scale mail
rPois   .            (no helmet)
rElec   .            (no cloak)
rCorr   .            (no gloves)
SInv    .            (no boots)
Will    .....        (no amulet) Stlth
                     (no ring)
HPRegen 0.25/turn    (no ring)
MPRegen 0.08/turn

%: no passive effects
@: no status effects
A: clever 1
a: no special abilities


You were on level 2 of the Dungeon.
You visited 1 branch of the dungeon, and saw 2 of its levels.

You collected 74 gold pieces.

Inventory:

Hand Weapons
 a - a +0 war axe
 h - a +0 sling (weapon)
Armour
 b - a +1 scale mail (worn)
 c - a +0 buckler (worn)
Potions
 d - 2 potions of might


   Skills:
 + Level 3.9 Fighting
 + Level 3.3 Axes
 + Level 3.8 Armour
 + Level 0.1 Dodging
 + Level 3.7 Shields


You had 2 spell levels left.
You didn't know any spells.
Your spell library was empty.

Dungeon Overview and Level Annotations

Branches:
Dungeon (2/15)

Altars:


Innate Abilities, Weirdness & Mutations

Your mind is acute. (Int +4, Str/Dex -1)


Message History

The stream of webbing hits you but does no damage.
You are caught in a web!
The web tears apart.
You feel sick.
You are no longer poisoned.
The adder bites you.
* * * LOW HITPOINT WARNING * * *
The adder bites you but does no damage. The ribbon worm bites you.
* * * LOW HITPOINT WARNING * * *
You block the adder's attack.
You shoot a sling bullet.
The sling bullet closely misses the adder.
The adder bites you but does no damage. You block the adder's attack.
The adder bites you but does no damage.
The ribbon worm expels a string of sticky webbing.
You block the stream of webbing. The adder bites you but does no damage.
You shoot a sling bullet. The sling bullet hits the adder.
The adder is severely wounded.
The adder closely misses you. The adder barely misses you. x2
The ribbon worm bites you but does no damage.
The adder bites you but does no damage. You block the adder's attack.
You shoot a sling bullet.
The sling bullet barely misses the adder.
The adder bites you but does no damage. The ribbon worm closely misses you.
The adder bites you but does no damage. The adder completely misses you.
The ribbon worm bites you.
* * * LOW HITPOINT WARNING * * *
The adder closely misses you.
You shoot a sling bullet. The sling bullet hits the adder.
The adder is almost dead.
The adder bites you but does no damage. You block the adder's attack.
The ribbon worm barely misses you. You block the adder's attack.
The adder bites you but does no damage.
You shoot a sling bullet. The sling bullet misses the adder.
The adder bites you but does no damage. x2; You block the ribbon worm's attack.
The adder barely misses you. x2
You shoot a sling bullet.
The sling bullet closely misses the adder.
The adder bites you but does no damage. The adder barely misses you.
The ribbon worm bites you.
You die...

#.......#
+.......#
#...$...#
#.......#
#.......########
#...............
#...wSS.........
#....@..........
#...............
#####....#####
####.# #.#
#.#############
#..............
###############


You could see a ribbon worm and 2 adders.

Vanquished Creatures
  An adder (D:2)
  A dart slug (D:1)
  3 ball pythons (D:1)
  A bat (D:1)
  An endoplasm (D:1)
  A giant cockroach (D:1)
  2 goblins (D:1)
  3 hobgoblins (D:1)
  2 jackals (D:1)
  A quokka (D:1)
  2 frilled lizards
  2 kobolds (D:1)
  2 rats (D:1)
22 creatures vanquished.

Notes
Turn   | Place    | Note
-------+----------+-------------------------------------------
     0 | D:1      | dave1331 the Hill Orc Fighter began the quest for the Orb.
     0 | D:1      | Reached XP level 1. HP: 19/19 MP: 1/1
   225 | D:1      | Reached XP level 2. HP: 21/27 MP: 2/2
   569 | D:1      | Reached XP level 3. HP: 30/33 MP: 3/3
   873 | D:1      | Gained mutation: Your mind is acute. (Int +4, Str/Dex -1)
                  | [potion of mutation]
  1041 | D:2      | Slain by a ribbon worm

Illustrated notes

Levels and vault maps discovered:
D:1:      dpeg_arrival_round_a, layout_loops_cross, serial_forest,
          infiniplex_forest_straight_2, infiniplex_forest_lined_corner,
          infiniplex_forest_clump_small, infiniplex_forest_straight_2,
          infiniplex_forest_side_room, infiniplex_forest_lined_ring,
          minmay_misc_feat_square, minmay_ruptured
D:2:      layout_basic, grunt_decor_one_mirror

Skill      XL: |  1  2 |
---------------+-------+-----
Axes           | 3 |  3.3
Fighting       | |  3.9
Armour         | |  3.8
Dodging        | |  0.1
Shields        | |  3.7

Action                     || total
---------------------------++-------
  Melee: War axe           ||    48
   Fire: Sling             ||    47
  Throw: Stone             ||     4
         Throwing net      ||     2
    Use: Potion            ||     2
         Scroll            ||     1
 Armour: Scale mail        ||   119
  Dodge: Dodged            ||    79
  Block: Buckler           ||    45
